 Dungeon Crawl Stone Soup version 0.30-a0-859-gf88a04b62d (webtiles) character file.

Game seed: 6038649387182699704

12839 testman the Fighter (level 11, -2/92 HPs)
             Began as a Human Wanderer on Mar 2, 2023.
             Was a High Priest of Ru.
             Slain by an orc warrior
             ... wielding a +0 battleaxe
             ... led by an orc knight
              (28 damage)
             ... on level 10 of the Dungeon on Mar 6, 2023.
             The game lasted 00:38:45 (7773 turns).

testman the Fighter (Human Wanderer)                Turns: 7773, Time: 00:38:47

Health: -2/92      AC: 10    Str: 17    XL:     11   Next: 25%
Magic:  17/17      EV: 19    Int: 10    God:    Ru [*****.]
Gold:   732        SH:  5    Dex: 15    Spells: 12/18 levels left

rFire   x . .      SeeInvis .    C - +10 zealot's sword {holy, Zealotry, *Rage rN+ EV+3}
rCold   x . .      Faith    .    c - +0 buckler
rNeg    + . .      Spirit   .    P - +2 leather armour {rF+}
rPois   +          Reflect  .    F - +0 helmet of Nothoin {Rampage rElec rF- Stlth+}
rElec   +          Rampage  +    h - +1 cloak {Stlth+}
rCorr   +          Rage     20%  (no gloves)
Will    .....                    m - +1 pair of boots
Stlth   ++                       l - amulet of regeneration
HPRegen 1.15/turn                i - +5 ring of evasion
MPRegen 0.15/turn                M - ring "Mehitef" {rElec rPois rCorr Slay+3 Stlth-}

@: on berserk cooldown
A: inability to use devices, inexperienced 1, temperature sensitive
a: Renounce Religion, Draw Out Power, Power Leap, Apocalypse


You were on level 10 of the Dungeon.
You worshipped Ru.
Ru was extremely pleased with you.
You visited 1 branch of the dungeon, and saw 10 of its levels.

You collected 875 gold pieces.
You spent 143 gold pieces at shops.

Inventory:

Hand Weapons
 a - a +2 mace
 C - the +10 zealot's sword (weapon) {holy, Zealotry, *Rage rN+ EV+3}
   (You found it on level 4 of the Dungeon)

   Zealotry:  Whenever the wielder enters a berserk rage, their allies are
   berserked alongside them.
   EV:        It affects your evasion (+3).
   rN:        It protects you from negative energy.
   *Rage:     It berserks you when you make melee attacks (+20% chance).
Missiles
 v - 5 poisoned darts
 y - 2 javelins
 E - 8 boomerangs
 H - a curare-tipped dart
Armour
 c - a +0 buckler (worn)
 h - a +1 cloak of stealth (worn)
 j - +0 storm dragon scales
 m - a +1 pair of boots (worn)
 n - a +1 helmet
 u - the +2 leather armour of Repulsion {Dex+6}
   (You found it on level 3 of the Dungeon)

   Dex:       It affects your dexterity (+6).
 F - the +0 helmet of Nothoin (worn) {Rampage rElec rF- Stlth+}
   (You bought it in a shop on level 5 of the Dungeon)

   rF:        It makes you vulnerable to fire.
   rElec:     It insulates you from electricity.
   Rampage:   It bestows one free step when moving towards enemies.
   Stlth:     It makes you more stealthy.
 P - a +2 leather armour of fire resistance (worn)
Jewellery
 d - a ring of resist corrosion
 i - a +5 ring of evasion (left hand)
 l - an amulet of regeneration (around neck)
 q - a +6 ring of dexterity
 t - a ring of poison resistance
 x - an amulet of magic regeneration
 B - an amulet of guardian spirit
 L - a +6 ring of intelligence
 M - the ring "Mehitef" (right hand) {rElec rPois rCorr Slay+3 Stlth-}
   (You found it on level 9 of the Dungeon)

   [ring of resist corrosion]

   Slay:      It affects your accuracy & damage with ranged weapons and melee
   (+3).
   rElec:     It insulates you from electricity.
   rPois:     It protects you from poison.
   rCorr:     It protects you from acid and corrosion.
   Stlth:     It makes you less stealthy.
 O - a ring of wizardry
Scrolls
 b - 4 scrolls of teleportation
 g - a scroll of enchant weapon {unknown}
 r - 2 scrolls of fog
 D - 2 scrolls of vulnerability {unknown}
 I - 2 scrolls of poison {unknown}
 J - a scroll of silence {unknown}
 K - a scroll of magic mapping {unknown}
 N - a scroll of amnesia {unknown}
Potions
 e - a potion of ambrosia
 f - 6 potions of lignification
 k - 3 potions of flight
 o - a potion of attraction {unknown}
 p - 7 potions of curing
 s - 2 potions of brilliance
 w - 3 potions of mutation {unknown}
 z - 3 potions of heal wounds {unknown}
 A - 2 potions of might {unknown}
 G - a potion of berserk rage {unknown}


   Skills:
 + Level 10.3 Fighting
 + Level 9.6 Long Blades
 - Level 6.3 Maces & Flails
 - Level 1.0 Throwing
 - Level 1.0 Armour
 - Level 1.0 Dodging
 + Level 5.4 Shields
 - Level 4.0 Spellcasting
 + Level 9.7 Translocations
 - Level 1.0 Invocations


You had 12 spell levels left.
You knew the following spells:

 Your Spells              Type           Power      Damage    Failure   Level
a - Blink                 Tloc           42%        N/A       1%          2
b - Manifold Assault      Tloc           21%        N/A       7%          4

Your spell library contained the following spells:

 Spells                   Type           Power      Damage    Failure   Level
 Kindle Blastsparks       Fire/Tloc/Air  16%        2d11      30%         3
 Beastly Appendage        Tmut           4%         N/A       36%         1
 Necrotise                Necr           8%         1d4       36%         1
 Shock                    Conj/Air       8%         1d3       36%         1
 Iskenderun's Mystic Bla  Conj/Tloc      11%        2d4       47%         4
 Wereblood                Tmut           2%         N/A       52%         2
 Dazzling Flash           Conj/Hex       4%         N/A       75%         3
 Hailstorm                Conj/Ice       2%         3d3       75%         3
 Ignite Poison            Fire/Tmut/Pois 2%         N/A       75%         3
 Spider Form              Tmut/Pois      2%         N/A       75%         3
 Swiftness                Air            2%         N/A       75%         3
 Vampiric Draining        Necr           2%         2d6       75%         3
 Airstrike                Air            1%         2d(1-17)  98%         4
 Ice Form                 Ice/Tmut       2%         N/A       98%         4
 Petrify                  Tmut/Erth      2%         N/A       98%         4
 Summon Lightning Spire   Summ/Air       2%         N/A       98%         4
 Alistair's Intoxication  Tmut/Pois      1%         N/A       100%        5
 Borgnjor's Vile Clutch   Necr/Erth      1%         N/A       100%        5
 Freezing Cloud           Conj/Ice/Air   1%         6-21      100%        5
 Lightning Bolt           Conj/Air       1%         1d12      100%        5
 Metabolic Englaciation   Hex/Ice        1%         N/A       100%        5
 Eringya's Noxious Bog    Tmut/Pois      1%         N/A       100%        6
 Simulacrum               Ice/Necr       1%         N/A       100%        6
 Starburst                Conj/Fire      1%         6d3       100%        6
 Statue Form              Tmut/Erth      1%         N/A       100%        6
 Storm Form               Tmut/Air       1%         N/A       100%        7
 Death's Door             Necr           1%         N/A       100%        9


Dungeon Overview and Level Annotations

Branches:
Dungeon (10/15)            Temple (0/1) D:6            Lair (0/5) D:8
    Orc: D:9-12

Altars:
Ashenzari
Kikubaaqudgha
Makhleb
Ru
Sif Muna
Trog
Uskayaw
Vehumet
Wu Jian
Xom
Yredelemnul

Shops:
D:2 (   D:5 [


Innate Abilities, Weirdness & Mutations

You cannot study or use magical devices.
You are somewhat inexperienced. (-1 XL)
You are sensitive to extremes of temperature. (rF-, rC-)


Message History

You slice the orc knight!!
The orc knight is severely wounded.
You closely miss the orc knight.
The orc knight is severely wounded.
The orc knight closely misses you.
The orc warrior is stunned by your conviction and fails to attack.
The tengu conjurer begins to cast a spell, but is stunned by your conviction!
You slash the orc knight!
The orc knight is almost dead.
The orc knight hits you with a +0 war axe.
You slice the orc knight!!
You kill the orc knight!
An orc warrior comes into view. It is wielding a +0 war axe.
You rampage towards the orc warrior!
A tengu conjurer comes into view. It is wielding a +0 dagger.
The tengu conjurer shouts!
The orc warrior shouts!
You slash the orc warrior!
The orc warrior is heavily wounded.
The orc warrior unwields a +0 arbalest.
The orc warrior wields a +0 battleaxe.
The orc warrior barely misses you.
You barely miss the orc warrior.
The orc warrior is heavily wounded.
The orc warrior misses you.
You barely miss the orc warrior.
The orc warrior is heavily wounded.
The orc warrior misses you.
You slash the orc warrior!
The orc warrior is almost dead.
The tengu conjurer hits you!
You focus your inner power and illuminate the tengu conjurer in retribution!
You block the tengu conjurer's attack.
The tengu conjurer claws you but does no damage.
You hit the orc warrior.
The orc warrior is almost dead.
The tengu conjurer gestures at you while chanting.
The bolt of lightning hits you! You resist.
* * * LOW HITPOINT WARNING * * *
You focus your inner power and blind the tengu conjurer in retribution!
The orc warrior hits you with a +0 battleaxe!!
You die...

...........####..#
.................#
##.#####.#........# ...
..#.#..####... #.#
#.#....# #... #.#
#.#....# #..#
#.R#.###*###†#.#..####..#
#.....Q†oQ†)...#........#
#○.#.###@###.#.#........#
#)# #.#.#..####... #o#
#.#.#..# ##.. ...
..#.#..# ###++
##.#####.#..# #.... ...
#.#... #.... ### .#...
#..## #..###..## # #..#
#....


You could see an efreet, 2 tengu conjurers, 2 orc warriors and a battlesphere
(distracted).

Vanquished Creatures
  Erolcha (D:9)
  3 two-headed ogres (D:10)
  A swamp dragon (D:10)
  2 orc knights
  An ugly thing (D:10)
  A yaktaur (D:10)
  A komodo dragon (D:10)
  2 trolls (D:10)
  3 shadows (D:10)
  2 wyverns
  A vampire (D:8)
  3 wraiths (D:9)
  12 yaks
  Grum (D:8)
  Eustachio (D:4)
  A steam dragon (D:8)
  An acid dragon (D:9)
  6 orc warriors
  A black bear (D:5)
  An ice beast (D:5)
  A sky beast (D:7)
  2 ogres
  2 centaurs (D:10)
  4 wolves (D:8)
  A phantom (D:5)
  Blork the orc (D:5)
  A kobold brigand (D:7)
  3 bullfrogs
  2 gnoll sergeants
  5 scorpions
  11 wights
  3 electric eels (D:6)
  6 howler monkeys
  A crimson imp (D:6)
  A jelly (D:7)
  4 hounds
  A gnoll bouda (D:10)
  7 orc priests
  4 iguanas
  9 orc wizards
  Terence (D:2)
  Robin (D:2)
  17 gnolls
  7 adders
  4 shadow imps (D:6)
  2 worms (D:4)
  5 dart slugs
  18 orcs
  6 endoplasms
  8 giant cockroaches
  34 goblins
  39 hobgoblins
  9 jackals
  4 quokkas
  8 ball pythons
  5 bats
  5 frilled lizards
  17 kobolds
  4 rats
308 creatures vanquished.

Vanquished Creatures (others)
  A human (D:9)
  A bullfrog (D:9)
  A wight (D:9)
  A goblin (D:6)
4 creatures vanquished.

Grand Total: 312 creatures vanquished

Notes
Turn   | Place    | Note
-------+----------+-------------------------------------------
     0 | D:1      | testman the Human Wanderer began the quest for the Orb.
     0 | D:1      | testman set off with the following items: a +2 mace, a
                  | scroll of teleportation, a +0 buckler, a scroll of
                  | summoning, a +0 leather armour.
     0 | D:1      | Reached XP level 1. HP: 15/15 MP: 1/1
    81 | D:1      | Reached XP level 2. HP: 6/21 MP: 2/2
   423 | D:1      | Reached XP level 3. HP: 27/27 MP: 3/3
   650 | D:1      | Found a faded altar of an unknown god.
   918 | D:2      | Noticed Robin
   924 | D:2      | Reached skill level 2 in Fighting
   956 | D:2      | Reached XP level 4. HP: 19/33 MP: 4/4
   974 | D:2      | Killed Robin
   995 | D:2      | Reached skill level 1 in Armour
  1082 | D:2      | You fall into a shaft and drop 2 floors!
  1194 | D:3      | Noticed a +0 short sword
  1197 | D:3      | Noticed a +0 spear
  1200 | D:3      | Noticed a +0 falchion
  1235 | D:3      | Noticed a +0 spear
  1235 | D:3      | Noticed a +0 dagger
  1235 | D:3      | Noticed a +0 dagger
  1235 | D:3      | Noticed a +0 falchion
  1236 | D:3      | Noticed a +0 short sword
  1238 | D:3      | Found a hide-covered altar of Uskayaw.
  1304 | D:2      | Noticed Terence
  1474 | D:2      | Found Wyuddett's Antique Weapon Shop.
  1532 | D:2      | Found a sacrificial altar of Ru.
  1538 | D:2      | Became a worshipper of Ru the Awakened
  1636 | D:2      | Killed Terence
  1637 | D:2      | Reached XP level 5. HP: 39/39 MP: 5/5
  1856 | D:3      | Found a shimmering blue altar of Sif Muna.
  1969 | D:3      | Reached skill level 3 in Fighting
  1973 | D:3      | Reached XP level 6. HP: 42/47 MP: 6/6
  2004 | D:3      | Identified the +2 leather armour of Repulsion {Dex+6}
  2018 | D:3      | Learned a level 2 spell: Blink
  2361 | D:4      | Noticed Eustachio
  2381 | D:4      | Reached skill level 1 in Spellcasting
  2381 | D:4      | Reached skill level 1 in Translocations
  2439 | D:4      | Killed Eustachio
  2440 | D:4      | Reached XP level 7. HP: 53/53 MP: 7/9
  2645 | D:4      | Gained mutation: You cannot study or use magical devices.
                  | [Ru sacrifice]
  2645 | D:4      | Reached * piety under Ru
  2645 | D:4      | Reached ** piety under Ru
  2755 | D:4      | Found the +10 zealot's sword {holy, Zealotry, *Rage rN+
                  | EV+3}
  3179 | D:5      | Entered Level 5 of the Dungeon
  3206 | D:5      | Reached skill level 4 in Fighting
  3206 | D:5      | Reached skill level 1 in Long Blades
  3245 | D:5      | Reached XP level 8. HP: 60/60 MP: 11/11
  3375 | D:5      | Noticed Blork the orc
  3381 | D:5      | Killed Blork the orc
  3438 | D:5      | Found Tuejint's Armour Boutique.
  3462 | D:5      | Bought the +0 helmet of Nothoin {Rampage rElec rF- Stlth+}
                  | for 143 gold pieces
  3561 | D:5      | Found a broken altar of Ashenzari.
  3561 | D:5      | Found an ornate altar of the Wu Jian Council.
  3730 | D:6      | Found a staircase to the Ecumenical Temple.
  3933 | D:6      | Reached skill level 5 in Fighting
  3979 | D:6      | Upgraded the game from 0.30-a0-845-g7c6808c8ce to
                  | 0.30-a0-859-gf88a04b62d
  4243 | D:6      | Reached XP level 9. HP: 68/68 MP: 14/14
  4477 | D:6      | Gained mutation: You are somewhat inexperienced. (-1 XL)
                  | [Ru sacrifice]
  4477 | D:6      | Reached XP level 8. HP: 63/63 MP: 13/13
  4477 | D:6      | Reached *** piety under Ru
  4714 | D:6      | Found a radiant altar of Vehumet.
  4715 | D:6      | Found a burning altar of Makhleb.
  4751 | D:6      | Found a basalt altar of Yredelemnul.
  4760 | D:6      | Found a shimmering altar of Xom.
  4904 | D:7      | Reached skill level 6 in Fighting
  4948 | D:7      | Reached skill level 5 in Translocations
  5283 | D:7      | Reached skill level 5 in Long Blades
  5663 | D:8      | Noticed Grum
  5670 | D:8      | Reached XP level 9. HP: 71/71 MP: 15/15
  5680 | D:8      | Reached skill level 7 in Fighting
  5684 | D:8      | Killed Grum
  5685 | D:8      | Found a staircase to the Lair.
  6237 | D:9      | Reached skill level 8 in Fighting
  6336 | D:9      | Gained mutation: You are sensitive to extremes of
                  | temperature. (rF-, rC-) [Ru sacrifice]
  6336 | D:9      | Reached **** piety under Ru
  6336 | D:9      | Reached ***** piety under Ru
  6475 | D:9      | Noticed Erolcha
  6482 | D:9      | Killed Erolcha
  6483 | D:9      | Reached XP level 10. HP: 82/82 MP: 16/16
  6586 | D:9      | Noticed an orc knight
  6602 | D:9      | Killed an orc knight
  6637 | D:9      | Identified the ring "Mehitef" {rElec rPois rCorr Slay+3
                  | Stlth-}
  6913 | D:9      | Found an ancient bone altar of Kikubaaqudgha.
  7066 | D:10     | Entered Level 10 of the Dungeon
  7116 | D:10     | Got the Collected Works on Open Graves
  7241 | D:10     | Noticed a two-headed ogre
  7295 | D:10     | Noticed a swamp dragon
  7304 | D:10     | Killed a swamp dragon
  7305 | D:10     | Reached skill level 9 in Fighting
  7490 | D:10     | Learned a level 4 spell: Manifold Assault
  7516 | D:10     | Found a bloodstained altar of Trog.
  7594 | D:10     | Noticed a two-headed ogre
  7597 | D:10     | Killed a two-headed ogre
  7715 | D:10     | Noticed a two-headed ogre
  7720 | D:10     | Noticed a two-headed ogre
  7720 | D:10     | Noticed a purple ugly thing
  7726 | D:10     | Killed a two-headed ogre
  7727 | D:10     | Reached skill level 10 in Fighting
  7727 | D:10     | Reached XP level 11. HP: 72/90 MP: 17/17
  7739 | D:10     | Reached skill level 5 in Shields
  7753 | D:10     | Killed a two-headed ogre
  7773 | D:10     | Slain by an orc warrior

Illustrated notes

Levels and vault maps discovered:
D:1:      dpeg_arrival_round_b, layout_basic, hellmonk_ecumenical_altar_run_dry
D:2:      layout_rooms, serial_shops, nicolae_shop_stone, basic_altar,
          minmay_fractal_squares_5, uniq_terence, uniq_robin
D:3:      layout_rooms, nicolae_sif_muna_condensation, nicolae_uskayaw_en_pointe
D:4:      layout_basic, cheibrodos_sewer_entry_drain, uniq_eustachio
D:5:      layout_rooms, gammafunk_temple_overflow_wave, serial_shops, shop,
          uniq_blork_the_orc
D:6:      minmay_goblin_kobold_castle, layout_basic,
          grunt_temple_overflow_lords_of_destruction, mainiacjoe_overflow_swirl,
          minmay_temple_entry_butterflies
D:7:      layout_basic, roderic_serpentine_path, lemuel_flamethrower_1
D:8:      layout_cave_pools, lair_entry_dummy, uniq_grum
D:9:      layout_long_grid, tgw_kikubaaqudgha, glass_columns_a,
          kennysheep_just_a_vault, uniq_erolcha
D:10:     minmay_the_grid_3x3 [minmay_the_grid_expand,
          minmay_the_grid_outer_circle, minmay_the_grid_minigrid_large,
          minmay_the_grid_embedded, minmay_the_grid_armoury,
          minmay_the_grid_dragon_a, minmay_the_grid_broken_lines,
          minmay_the_grid_spin_star, minmay_the_grid_prize_inner_circle],
          layout_small_grid, mainiacjoe_overflow_paths,
          nicolae_trove_entry_crystal, hangedman_corner_corridor

Skill      XL: |  1  2  3  4  5  6  7  8  9 10 11 |
---------------+----------------------------------+-----
Fighting       | 2 3 4 6 8 10 | 10.3
Shields        | 2 3 4 5 |  5.4
Armour         | 1 |  1.0
Maces & Flails | 6 |  6.3
Spellcasting   | 1 2 4 |  4.0
Translocations | 1 2 5 7 9 |  9.7
Long Blades    | 1 5 7 9 |  9.6
Throwing       | |  1.0
Dodging        | |  1.0
Invocations    | |  1.0

Action                     |  1- 3 |  4- 6 |  7- 9 | 10-12 || total
---------------------------+-------+-------+-------+-------++-------
  Melee: Mace              |   105 |   235 |    36 |       ||   376
         Eudemon blade     |       |       |   312 |   158 ||   470
  Throw: Javelin           |       |     8 |       |       ||     8
   Cast: Manifold Assault  |       |       |       |     1 ||     1
 Invoke: Sacrifice Artific |       |       |     1 |       ||     1
         Sacrifice Experie |       |       |     1 |       ||     1
         Sacrifice Resista |       |       |     1 |       ||     1
    Use: Scroll            |     1 |    11 |     3 |     1 ||    16
         Potion            |       |       |     1 |     1 ||     2
   Stab: Sleeping          |       |       |    27 |     1 ||    28
         Distracted        |       |       |     2 |     1 ||     3
 Armour: Leather armour    |    13 |    37 |    68 |    19 ||   137
         Scale mail        |    14 |       |       |       ||    14
         Storm dragon scal |    37 |    70 |       |       ||   107
  Dodge: Dodged            |    71 |   180 |   232 |    87 ||   570
  Block: Buckler           |    23 |    72 |    75 |    25 ||   195

Table legend: (Time is in decaauts)
 A = Elapsed time spent in this place.
 B = Non-inter-level travel time spent in this place.
 C = Inter-level travel time spent in this place.
 D = Time resting spent in this place.
 E = Time spent auto-exploring this place.
 F = Levels seen in this place.
 G = Mean time per level.
                   A        B        C        D        E       F      G
               +--------+--------+--------+--------+--------+-----+--------+
         Total |   8137 |   7873 |    264 |    740 |   5115 |  10 |  813.7 |
       Dungeon |   8137 |   7873 |    264 |    740 |   5115 |  10 |  813.7 |
               +--------+--------+--------+--------+--------+-----+--------+

Top non-repeatable levels by time:
     D:6: 1234 daAuts
     D:4: 1053 daAuts
     D:9: 925 daAuts
     D:1: 888 daAuts
     D:7: 831 daAuts
     D:2: 785 daAuts
    D:10: 741 daAuts
     D:8: 584 daAuts
     D:5: 566 daAuts
     D:3: 528 daAuts
